 Dungeon Crawl Stone Soup version 0.31-a0-18-gea43df2a32 (webtiles) character file.

Game seed: 10519676615178233251

3691 BlueFish the Fighter (level 9, -4/81 HPs)
             Began as a Red Draconian Conjurer on May 11, 2023.
             Was a Believer of Vehumet.
             Slain by Erica
             ... wielding a +2 scimitar of flaming
              (8 damage)
             ... on level 9 of the Dungeon.
             The game lasted 00:23:07 (10753 turns).

BlueFish the Fighter (Red Draconian Conjurer)      Turns: 10753, Time: 00:23:07

Health: -4/81      AC:  9    Str:  9    XL:     9   Next: 90%
Magic:  11/25      EV: 12    Int: 26    God:    Vehumet [**....]
Gold:   658        SH:  3    Dex:  7    Spells: 11/18 levels left

rFire   + + .        B - +7 whip of Infinite Pain {heavy, rPois rF+ Int+4 Dex-4}
rCold   . . .        y - +0 buckler
rNeg    . . .        (body armour unavailable)
rPois   +            (helmet restricted)
rElec   .            C - scarf {shadows}
rCorr   .            (no gloves)
SInv    .            D - +1 pair of boots
Will    .....        A - amulet of faith
Stlth   +++          G - ring of magical power
HPRegen 0.33/turn    (no ring)
MPRegen 0.19/turn

%: faith
@: short of breath, slowed, studying Fire Magic, very slow
A: breathe fire, AC +7, unfitting armour, fire resistance 1, cold-blooded
a: Breathe Fire, Renounce Religion


You were on level 9 of the Dungeon.
You worshipped Vehumet.
Vehumet was pleased with you.
You visited 2 branches of the dungeon, and saw 10 of its levels.
You also visited: Ossuary.

You collected 658 gold pieces.

Inventory:

Hand Weapons
 b - a +0 club
 e - a +0 whip
 g - a +2 vampiric whip
 B - the +7 whip of Infinite Pain (weapon) {heavy, rPois rF+ Int+4 Dex-4}
   (You found it on level 6 of the Dungeon)

   Int:       It affects your intelligence (+4).
   Dex:       It affects your dexterity (-4).
   rF:        It protects you from fire.
   rPois:     It protects you from poison.
Armour
 y - a +0 buckler (worn)
 C - a scarf of shadows (worn)
 D - a +1 pair of boots (worn)
Jewellery
 A - an amulet of faith (around neck)
 G - a ring of magical power (left hand)
Wands
 t - a wand of quicksilver (8)
 F - a wand of roots (2)
Scrolls
 m - 3 scrolls of poison
 p - a scroll of fear {unknown}
 r - a scroll of vulnerability
 s - a scroll of enchant armour
 v - a scroll of acquirement {unknown}
 w - 2 scrolls of magic mapping
 x - 2 scrolls of enchant weapon {unknown}
Potions
 a - 3 potions of magic
 c - 2 potions of brilliance
 d - a potion of flight
 f - a potion of might
 h - 2 potions of resistance
 i - 3 potions of degeneration
 j - 8 potions of curing
 k - a potion of ambrosia {unknown}
 l - 3 potions of invisibility
 n - a potion of cancellation {unknown}
 o - a potion of berserk rage {unknown}
 q - 2 potions of attraction
 u - a potion of lignification {unknown}
 z - a potion of mutation {unknown}


   Skills:
 * Level 8.1 Fighting
 + Level 2.7 Maces & Flails
 + Level 5.1 Dodging
 + Level 5.5 Stealth
 + Level 2.7 Shields
 + Level 5.1 Spellcasting
 + Level 6.6 Conjurations
 + Level 3.7 Evocations


You had 11 spell levels left.
You knew the following spells:

 Your Spells              Type           Power      Damage    Failure   Level
a - Magic Dart            Conj           100%       1d8       1%          1
b - Searing Ray           Conj           82%        2d7       1%          2
c - Mephitic Cloud        Conj/Pois/Air  18%        N/A       14%         3
d - Foxfire               Conj/Fire      92%        2x1d8     3%          1

Your spell library contained the following spells:

 Spells                   Type           Power      Damage    Failure   Level
 Momentum Strike          Conj/Tloc      46%        3d9       4%          2
 Dazzling Flash           Conj/Hex       46%        N/A       9%          3
 Hailstorm                Conj/Ice       23%        3d7       9%          3
 Sting                    Tmut/Pois      24%        1d4       12%         1
 Blink                    Tloc           12%        N/A       17%         2
 Lesser Beckoning         Tloc           12%        N/A       17%         2
 Poisonous Vapours        Pois/Air       12%        N/A       17%         2
 Fulminant Prism          Conj/Hex       11%        3d9       28%         4
 Iskenderun's Mystic Bla  Conj/Tloc      23%        2d6       28%         4
 Confusing Touch          Hex            6%         N/A       34%         3
 Anguish                  Hex/Necr       3%         N/A       75%         4
 Manifold Assault         Tloc           6%         N/A       75%         4
 Olgreb's Toxic Radiance  Pois           6%         N/A       75%         4
 Freezing Cloud           Conj/Ice/Air   9%         6-21      77%         5
 Ozocubu's Refrigeration  Ice            3%         4d8       100%        7
 Storm Form               Tmut/Air       3%         N/A       100%        7


Dungeon Overview and Level Annotations

Branches:
Dungeon (9/15)             Temple (1/1) D:5         Ossuary (visited)
   Lair: D:8-11         Orc: D:9-12

Altars:
Ashenzari
Cheibriados
Dithmenos
Elyvilon
Gozag
Hepliaklqana
Kikubaaqudgha
Makhleb
Okawaru
Ru
Sif Muna
Trog
Uskayaw
Vehumet
Wu Jian
Xom
Yredelemnul
Zin
The Shining One

Shops:
D:3 (

Annotations:
D:5 3 runed translucent doors, BlasphemerAmon's ghost, weakling VSDe
D:9 Erica


Innate Abilities, Weirdness & Mutations

You can breathe blasts of fire.
Your fiery red scales are hard. (AC +7)
You cannot fit into any form of body armour.
Your flesh is heat resistant. (rF+)
You are cold-blooded and may be slowed by cold attacks.


Message History

Something hits you.
Casting: Searing Ray (safe; 1% risk of failure)
Confirm with . or Enter, or press ? or * to list all spells.
Aiming: Searing Ray (safe; 1% risk of failure)
Press: ? - help, Shift-Dir - straight line, f - killer bee
Aim: a killer bee (heavily wounded, 63% to hit)
The searing ray hits something!
The searing ray hits the killer bee!
The killer bee is almost dead. (Press . to maintain the ray.)
You hear some strange, mumbled words.
You feel yourself slow down.
The searing ray hits the killer bee!
You kill the killer bee!
Vehumet accepts your kill. Something hits you.
* * * LOW HITPOINT WARNING * * *
Something burns you.
* * * LOW HITPOINT WARNING * * *
Something hits you.
* * * LOW HITPOINT WARNING * * *
The searing ray hits something.
Something hits you.
* * * LOW HITPOINT WARNING * * *
The searing ray hits something.
You finish channelling your searing ray.
Something hits you but does no damage. Something hits you.
* * * LOW HITPOINT WARNING * * *
Okay, then.
Casting: Searing Ray (safe; 1% risk of failure)
Confirm with . or Enter, or press ? or * to list all spells.
You can't see any susceptible monsters within range! (Use Z to cast anyway.)
Casting: Searing Ray (safe; 1% risk of failure)
Confirm with . or Enter, or press ? or * to list all spells.
Aiming: Searing Ray (safe; 1% risk of failure)
Press: ? - help, Shift-Dir - straight line The searing ray hits something! (Press . to maintain the ray.)
Something hits you.
* * * LOW HITPOINT WARNING * * *
The searing ray hits something!
Something hits you!
You die...

######## #.# #......#
#.# #.####.# #.#######
#.# #.# ##........
#.####.#####...######
#...............#
#..###.#####...##
#..[...# ##.##
##.##### #@# #.# #.#
#.# ##†## #.# ##.†.##
#.## ##.....## #..##
##.......##
##...####.......†.#
#.......'......†......
##....###..........$..


There were no monsters in sight!

Vanquished Creatures
  A wraith (D:9)
  Eustachio (D:6)
  4 wyverns
  A water moccasin (D:6)
  An ice beast (D:8)
  2 black bears
  2 orc warriors
  A sky beast (D:7)
  An ogre (D:6)
  2 centaurs (D:8)
  An elf zombie (Ossuary)
  A bullfrog (D:8)
  A scorpion (D:6)
  Blork the orc (D:5)
  10 killer bees
  4 electric eels (D:8)
  3 howler monkeys
  A centaur zombie (Ossuary)
  2 hounds
  A jelly (D:6)
  2 human zombies (Ossuary)
  2 orc priests (D:6)
  Terence (D:3)
  5 iguanas
  7 orc wizards
  A hound zombie (Ossuary)
  3 mummies (Ossuary)
  3 gnolls (D:5)
  5 adders
  A shadow imp (D:7)
  A white imp (D:7)
  2 ufetubi
  2 worm zombies (D:5)
  3 adder zombies (Ossuary)
  2 worms
  4 dart slugs
  38 orcs
  7 ball pythons
  2 bat zombies (D:5)
  9 endoplasms
  4 giant cockroaches
  A gnoll zombie (Ossuary)
  6 goblins
  13 hobgoblins
  5 jackals
  2 quokkas (D:3)
  9 bats
  5 frilled lizards
  2 goblin zombies (Ossuary)
  5 hobgoblin zombies (Ossuary)
  3 jackal zombies (Ossuary)
  8 kobolds
  5 kobold zombies (Ossuary)
  2 orc zombies (Ossuary)
  7 quokka zombies (Ossuary)
  6 rats
  6 rat zombies
230 creatures vanquished.

Vanquished Creatures (others)
  36 foxfires
36 creatures vanquished.

Grand Total: 266 creatures vanquished

Notes
Turn   | Place    | Note
-------+----------+-------------------------------------------
     0 | D:1      | BlueFish the Draconian Conjurer began the quest for the
                  | Orb.
     0 | D:1      | Reached XP level 1. HP: 14/14 MP: 3/3
   192 | D:1      | Reached XP level 2. HP: 22/22 MP: 1/5
   196 | D:1      | Reached skill level 1 in Fighting
   201 | D:1      | Learned a level 2 spell: Searing Ray
   692 | D:1      | Reached XP level 3. HP: 28/28 MP: 2/6
  1921 | D:3      | Found a burning altar of Makhleb.
  1967 | D:3      | Reached skill level 2 in Fighting
  1997 | D:3      | Reached XP level 4. HP: 19/36 MP: 0/7
  2494 | D:3      | Found a faded altar of an unknown god.
  2505 | D:3      | Reached XP level 5. HP: 42/42 MP: 4/8
  2550 | D:3      | Noticed Terence
  2564 | D:3      | Killed Terence
  2639 | D:3      | Reached skill level 3 in Fighting
  2743 | D:3      | Found Uggaoduh's Antique Weapon Shop.
  3300 | D:3      | Got the Encyclopedia of the Destined Deep Freeze
  3364 | D:3      | Found a broken altar of Ashenzari.
  3365 | D:3      | Found a sacrificial altar of Ru.
  3366 | D:3      | Found a radiant altar of Vehumet.
  3367 | D:3      | Found a basalt altar of Yredelemnul.
  3621 | D:4      | Reached XP level 6. HP: 51/51 MP: 5/10
  3723 | D:4      | Noticed an orc warrior
  4097 | D:4      | Found a snail-covered altar of Cheibriados.
  4247 | D:4      | Found an ornate altar of the Wu Jian Council.
  4251 | D:4      | Reached skill level 4 in Fighting
  4673 | D:5      | Entered Level 5 of the Dungeon
  4688 | D:5      | Found a sand-covered staircase.
  4707 | Ossuary  | Entered an ossuary
  4951 | Ossuary  | Reached skill level 5 in Conjurations
  4951 | Ossuary  | Your scales start taking on a fiery red colour.
  4951 | Ossuary  | Reached XP level 7. HP: 26/60 MP: 2/11
  4951 | Ossuary  | Gained mutation: Your flesh is heat resistant. (rF+) [Red
                  | Draconian growth]
  5980 | D:5      | Found a staircase to the Ecumenical Temple.
  6016 | Temple   | Entered the Ecumenical Temple
  6265 | D:4      | Reached skill level 5 in Fighting
  6347 | D:3      | Became a worshipper of Vehumet
  6706 | D:5      | Noticed Blork the orc
  6714 | D:5      | Killed Blork the orc
  6774 | D:5      | Found a runed translucent gate.
  6774 | D:5      | Found a runed translucent gate.
  6774 | D:5      | Found a runed translucent gate.
  6774 | D:5      | Noticed BlasphemerAmon's ghost (weakling VSDe)
  7061 | D:5      | Noticed a wyvern
  7069 | D:5      | Killed a wyvern
  7070 | D:5      | Reached skill level 1 in Evocations
  7070 | D:5      | Reached XP level 8. HP: 55/70 MP: 4/13
  7282 | D:5      | Found a glowing silver altar of Zin.
  7383 | D:5      | Found an ancient bone altar of Kikubaaqudgha.
  7557 | D:6      | Reached * piety under Vehumet
  7557 | D:6      | Offered knowledge of Shock by Vehumet.
  7671 | D:6      | Noticed Eustachio
  7685 | D:6      | Killed Eustachio
  7686 | D:6      | Reached skill level 6 in Fighting
  7997 | D:6      | Identified the +7 whip of Infinite Pain {heavy, rPois rF+
                  | Int+4 Dex-4}
  8445 | D:7      | Found a hazy altar of Hepliaklqana.
  8595 | D:7      | Reached skill level 1 in Maces & Flails
  8595 | D:7      | Reached XP level 9. HP: 32/78 MP: 4/15
  8596 | D:7      | Reached skill level 7 in Fighting
  8596 | D:7      | Reached skill level 1 in Shields
  8597 | D:7      | HP: 1/79 [wyvern (12)]
  9382 | D:7      | Reached skill level 5 in Stealth
  9730 | D:7      | Learned a level 3 spell: Mephitic Cloud
 10157 | D:8      | Reached ** piety under Vehumet
 10159 | D:8      | Offered knowledge of Foxfire by Vehumet.
 10162 | D:8      | Reached skill level 5 in Dodging
 10162 | D:8      | Reached skill level 5 in Spellcasting
 10169 | D:8      | Learned a level 1 spell: Foxfire
 10642 | D:9      | Reached skill level 8 in Fighting
 10730 | D:9      | Noticed Erica
 10752 | D:9      | HP: 3/81 [something (6)]
 10753 | D:9      | Slain by Erica

Illustrated notes

Levels and vault maps discovered:
D:1:      saegor_arrival_simple_c, layout_loops_ring
D:2:      layout_loops_ring, serial_bayou, serial_bayou_pond_d,
          serial_bayou_pond_d, serial_bayou_lagoon_b, serial_bayou_pond_a,
          minmay_pentomino_o2
D:3:      minmay_octagon_keep, layout_basic, mainiacjoe_overflow_alcove_3,
          mainiacjoe_overflow_catwalk, serial_shops, shop,
          ebering_ecumenical_altar_box, guppyfry_early_orc_mine, uniq_terence
D:4:      black_bear_nest_2, layout_cave_pods, lemuel_round_altar,
          lemuel_round_altar, kennysheep_generic_room_10
D:5:      layout_gridville, lemuel_zombie_altar_kikubaaqudgha, zin_scriptorium,
          temple_fountains, gup_sewer_entry_glass, enter_ossuary_3,
          gammafunk_ghost_nasty_kobolds, uniq_blork_the_orc
D:6:      nicolae_cairo_tiling_very_big, layout_cave_pools, uniq_eustachio
D:7:      layout_loops_corners, mainiacjoe_overflow_tiny_flanked,
          minmay_manual_mess
D:8:      layout_rooms, serial_corexii_hall, corexii_hall_statues_i,
          corexii_hall_statues_i, minivault_1, chequers_big_river,
          minmay_manual_monstrance
D:9:      layout_loops_corners, lemuel_tele_altar,
          mainiacjoe_overflow_small_starburst, zombieorc2_lemuel, uniq_erica
Temple:   hellmonk_temple_forest_ring

Skill      XL: |  1  2  3  4  5  6  7  8  9 |
---------------+----------------------------+-----
Fighting       | 1 2 3 4 5 6 8 |  8.1
Stealth        | 2 3 4 5 |  5.5
Dodging        | 2 3 4 5 |  5.1
Spellcasting   | 3 4 5 |  5.1
Conjurations   | 5 6 |  6.6
Evocations     | 1 2 3 |  3.7
Maces & Flails | 1 2 |  2.7
Shields        | 2 |  2.7

Action                     |  1- 3 |  4- 6 |  7- 9 || total
---------------------------+-------+-------+-------++-------
  Melee: Club              |     9 |       |       ||     9
         Unarmed           |     1 |       |       ||     1
         Whip              |    49 |    38 |    52 ||   139
         Tailslap          |     4 |     3 |    10 ||    17
         Punch             |       |     3 |     1 ||     4
   Cast: Magic Dart        |    65 |   144 |   129 ||   338
         Searing Ray       |     3 |    10 |    44 ||    57
         Foxfire           |       |       |    20 ||    20
Ability: Breathe Fire      |       |       |    28 ||    28
    Use: Scroll            |       |     6 |    10 ||    16
         Potion            |       |       |     2 ||     2
   Stab: Sleeping          |       |     1 |       ||     1
 Armour: Skin              |    19 |    26 |    52 ||    97
  Dodge: Dodged            |    29 |    40 |   106 ||   175
  Block: Buckler           |       |       |    13 ||    13

Table legend: (Time is in decaauts)
 A = Elapsed time spent in this place.
 B = Non-inter-level travel time spent in this place.
 C = Inter-level travel time spent in this place.
 D = Time resting spent in this place.
 E = Time spent auto-exploring this place.
 F = Levels seen in this place.
 G = Mean time per level.
                   A        B        C        D        E       F      G
               +--------+--------+--------+--------+--------+-----+--------+
         Total |  10813 |  10392 |    421 |    146 |   8482 |  11 |  983.0 |
       Dungeon |   9401 |   8998 |    403 |    110 |   7341 |   9 | 1044.6 |
        Temple |    212 |    194 |     18 |      0 |    186 |   1 |  212.0 |
       Ossuary |   1198 |   1198 |      0 |     36 |    955 |   1 | 1198.0 |
               +--------+--------+--------+--------+--------+-----+--------+

Top non-repeatable levels by time:
     D:3: 1629 daAuts
     D:7: 1333 daAuts
     D:4: 1329 daAuts
     D:5: 1264 daAuts
 Ossuary: 1198 daAuts
     D:1: 1069 daAuts
     D:6: 891 daAuts
     D:8: 872 daAuts
     D:2: 871 daAuts
  Temple: 212 daAuts
     D:9: 140 daAuts
